cohdb
Replays
Latest Replays
All Replays
Popular Replays
Top Player Replays
Match Explorer
How It Works
Community
CoH3 Stats
Reddit
Sign in to upload your games and track your stats! →
Sign in with Steam
Match 43237002
Unlisted
Match 43237002
Overview
Messages
Build Orders
End
Construct Section Command Post
Selects Australian Defense Battlegroup
Selects Australian Light Infantry Section
Australian Light Infantry Section
Australian Light Infantry Section
Dingo Light Scout Car
Construct Platoon Command Post
CMP 15cwt Truck
6-pounder Anti-tank Gun Team
Unlock Bishop Self-propelled Artillery
Selects CMP 15cwt Supply Run
Bishop Self-propelled Artillery
Infantry Training
Light Vehicle Training
6-pounder Anti-tank Gun Team
Selects Reinforced Resource Caches
SmeltedElk
Zoomer
Blanco
MoriMusic
CoNnEcT FoUr!!!
じゃんじゃん
Sobieski
XXxxxGxxxXX
0
0
Comments
sign in to comment!
No comments posted yet!